 Dungeon Crawl Stone Soup version 0.26-a0-1033-gd598b01645 (webtiles) character file.

Game seed: 3205769077749998913

17 ruwin the Insei (level 2, 0/21 HPs)
             Began as a Merfolk Transmuter on Dec 11, 2020.
             Hit by a stone thrown by a kobold (3 damage)
             ... on level 1 of the Dungeon.
             The game lasted 00:01:48 (401 turns).

ruwin the Insei (Merfolk Transmuter)                 Turns: 401, Time: 00:01:49

Health: 0/21       AC:  2    Str: 10    XL:     2   Next: 62%
Magic:  4/5        EV: 13    Int: 12    God:
Gold:   10         SH:  0    Dex: 14    Spells: 4/5 levels left

rFire    . . .     SeeInvis .     - Unarmed
rCold    . . .     Faith    .   (no shield)
rNeg     . . .     Spirit   .   a - +0 robe
rPois    .         Reflect  .   (helmet currently unavailable)
rElec    .         Harm     .   (no cloak)
rCorr    .         Rampage  .   (no gloves)
Will     .....                  (boots currently unavailable)
Stlth    +.........             (no amulet)
HPRegen  0.07/turn              (no ring)
MPRegen  0.09/turn              (no ring)

@: appendages, hasted, very quick
A: change form in water, swift swim, stealthy swim, horns 2
a: End Transformation


You were on level 1 of the Dungeon.
You had grown temporary horns.
You visited 1 branch of the dungeon, and saw 1 of its levels.

You collected 10 gold pieces.

Inventory:

Hand Weapons
 c - a +0 dagger
 d - a +0 club
Armour
 a - a +0 robe (worn)
 e - a +1 robe of positive energy
Jewellery
 f - an uncursed amulet of the acrobat {unknown}
Potions
 h - a potion of attraction {unknown}


   Skills:
 + Level 1.1 Fighting
 + Level 3.2 Dodging
 + Level 3.5 Unarmed Combat
 + Level 2.1 Spellcasting
 + Level 3.3 Transmutations


You had 4 spell levels left.
You knew the following spells:

 Your Spells              Type           Power        Failure   Level
a - Beastly Appendage     Tmut           #.....       7%          1

Your spell library contained the following spells:

 Spells                   Type           Power        Failure   Level
 Wereblood                Tmut           #.......     11%         2
 Spider Form              Tmut/Pois      #.........   38%         3
 Ice Form                 Ice/Tmut       #.......     80%         4
 Blade Hands              Tmut           #.........   88%         5


Dungeon Overview and Level Annotations

Branches:
Dungeon (1/15)

Altars:


Innate Abilities, Weirdness & Mutations

You revert to your normal form in water.
You are very nimble and swift while swimming.
You are very stealthy in the water. (Stealth+)
You have a pair of horns on your head.


Message History

You barely miss the bat.
The bat is heavily wounded.
The bat hits you but does no damage.
You hit the bat.
You kill the bat!
The hobgoblin closely misses you. The kobold closely misses you.
Items here: ) ††††.
You see here a stone.
You closely miss the hobgoblin.
Your horns disappear.
Casting: Beastly Appendage (safe; 7% risk of failure)
Confirm with . or Enter, or press ? or * to list all spells.
You grow a pair of large bovine horns.
The hobgoblin closely misses you.
You hit the hobgoblin. Your headbutt misses the hobgoblin.
The hobgoblin is almost dead.
The hobgoblin hits you but does no damage.
You hit the hobgoblin.
You kill the hobgoblin!
The kobold throws a stone.
The stone hits you.
You die...

.# .. .# .. #
.###.# B....
#########B.#..##
###....(.@)K......
##...##############
###..### .# #[†.##
...##.###
#....#####
####..#.'##
#..#.#.♣♣♣♣♣♣♣♣♣
#....#♣........♣


You could see a giant cockroach and a kobold.

Vanquished Creatures
  2 leopard geckos (D:1)
  A giant cockroach (D:1)
  2 goblins (D:1)
  3 hobgoblins (D:1)
  2 bats (D:1)
  4 kobolds (D:1)
14 creatures vanquished.

Notes
Turn   | Place    | Note
-------+----------+-------------------------------------------
     0 | D:1      | ruwin the Merfolk Transmuter began the quest for the Orb.
     0 | D:1      | Reached XP level 1. HP: 15/15 MP: 3/3
   302 | D:1      | Reached XP level 2. HP: 21/21 MP: 3/5
   401 | D:1      | Hit by a stone thrown by a kobold

Illustrated notes

Levels and vault maps discovered:
D:1:      lightli_arrival_quake, layout_rooms, minmay_misc_feat_roman,
          kennysheep_pointless_box, minmay_misc_feat_pillars

Skill      XL: |  1  2 |
---------------+-------+-----
Transmutations | 3 |  3.3
Dodging        | 3 |  3.2
Fighting       | |  1.1
Unarmed Combat | |  3.5
Spellcasting   | |  2.1

Action                   || total
-------------------------++-------
Melee: Unarmed           ||    57
       Headbutt          ||     4
 Cast: Beastly Appendage ||     8
  Use: Scroll            ||     3
       Potion            ||     1
Armor: Robe              ||    15
Dodge: Dodged            ||    42

Table legend: (Time is in decaauts)
 A = Elapsed time spent in this place.
 B = Non-inter-level travel time spent in this place.
 C = Inter-level travel time spent in this place.
 D = Time resting spent in this place.
 E = Time spent auto-exploring this place.
 F = Levels seen in this place.
 G = Mean time per level.
                   A        B        C        D        E       F      G
               +--------+--------+--------+--------+--------+-----+--------+
         Total |    394 |    394 |      0 |      4 |    267 |   1 |  394.0 |
       Dungeon |    394 |    394 |      0 |      4 |    267 |   1 |  394.0 |
               +--------+--------+--------+--------+--------+-----+--------+

Top non-repeatable levels by time:
     D:1: 394 daAuts
